 Dungeon Crawl Stone Soup version 0.19.5 (webtiles) character file.

550379 mcbry the Phalangite (level 26, -4/206 HPs)
             Began as a Merfolk Gladiator on May 18, 2017.
             Was an Elder of Okawaru.
             Slain by a death ooze (11 damage)
             ... created by the Royal Jelly
             ... on level 5 of the Pits of Slime on May 21, 2017.
             The game lasted 11:32:03 (79074 turns).

mcbry the Phalangite (Merfolk Gladiator)           Turns: 79074, Time: 11:32:03

Health: -4/206     AC: 18    Str: 20    XL:     26   Next: 29%
Magic:  35/35      EV: 19    Int: 11    God:    Okawaru [****..]
Gold:   1405       SH:  0    Dex: 13    Spells: 0 memorised, 31 levels left

rFire  . . .     SeeInvis +     r - +9 bardiche (freeze)
rCold  + + +     Gourm    .     k - +9 ice dragon scales
rNeg   + + .     Faith    +     (shield currently unavailable)
rPois  +         Spirit   .     I - +2 hat {MR+}
rElec  +         Reflect  .     X - +0 cloak of the Moon {rElec SInv Stlth+}
rCorr  +         Harm     .     d - +1 pair of gloves "Teutweeg" {rPois MR+ rCorr Str+2}
MR     ++++.     Rnd*Rage +     a - +0 pair of boots of the Thinker {*Corrode MR+ Slay+2 Stlth+}
Stlth  ++........               Z - amulet "Ozuul" {Faith +Fly rC+ Slay+6}
                                P - ring of protection from fire
                                n - ring of Zenlis {rCorr +Fly rPois rN++ Str-5}

@: about to teleport, corroded
A: change form in water, swift swim, stealthy swim, berserk 1, clumsy 1, cold
resistance 1, deformed body, frail 1
a: Heroism, Renounce Religion, Evoke Flight
}: 3/15 runes: decaying, serpentine, silver


You were on level 5 of the Pits of Slime.
You worshipped Okawaru.
Okawaru was greatly pleased with you.
You were not hungry.

You visited 9 branches of the dungeon, and saw 45 of its levels.
You also visited: Ice Cave.

You collected 5166 gold pieces.
You spent 3761 gold pieces at shops.

Inventory:

Hand Weapons
 r - a +9 bardiche of freezing (weapon)
 u - the +10 glaive "Alea" {antimagic, rC+}
   (Okawaru gifted it to you on level 4 of the Lair of Beasts)

   It reduces the magical energy of the wielder, and disrupts the spells and
   magical abilities of those hit.
   Natural abilities and divine invocations are not affected.
   It protects you from cold.
 K - the +8 lance "Wyrmbane" {slay drac, rPois rF+ rC+ AC+3}
   (You took it off a yaktaur captain on level 5 of the Vaults)

   It affects your AC (+3).
   It protects you from fire.
   It protects you from cold.
   It protects you from poison.
Missiles
 o - 23 tomahawks (quivered)
 p - 2 steel tomahawks
 s - 5 tomahawks of dispersal
Armour
 a - the +0 pair of boots of the Thinker (worn) {*Corrode MR+ Slay+2 Stlth+}
   (You found it on level 5 of the Vaults)

   It affects your accuracy and damage with ranged weapons and melee attacks
   (+2).
   It affects your resistance to hostile enchantments.
   It may corrode you when you take damage.
   It makes you more stealthy.
 c - the +4 shield "Qiezy" {Str+7}
   (Okawaru gifted it to you on level 5 of the Lair of Beasts)

   It affects your strength (+7).
 d - the +1 pair of gloves "Teutweeg" (worn) {rPois MR+ rCorr Str+2}
   (Okawaru gifted it to you on level 2 of the Orcish Mines)

   It affects your strength (+2).
   It protects you from poison.
   It affects your resistance to hostile enchantments.
   It protects you from acid and corrosion.
 i - a +0 cloak of invisibility
 k - +9 ice dragon scales (worn)
 H - a +2 buckler
 I - a +2 hat of magic resistance (worn)
 X - the +0 cloak of the Moon (worn) {rElec SInv Stlth+}
   (You found it on level 10 of the Dungeon)

   It insulates you from electricity.
   It lets you see invisible.
   It makes you more stealthy.
Jewellery
 n - the ring of Zenlis (left hand) {rCorr +Fly rPois rN++ Str-5}
   (You took it off a vault sentinel on level 5 of the Vaults)

   [ring of resist corrosion]

   It affects your strength (-5).
   It protects you from poison.
   It greatly protects you from negative energy.
   It lets you fly.
 L - the ring of Robustness {AC+8}
   (You bought it in a shop on level 2 of the Snake Pit)

   [ring of protection]

   It affects your AC (+8).
 P - a ring of protection from fire (right hand)
 Z - the amulet "Ozuul" (around neck) {Faith +Fly rC+ Slay+6}
   (You bought it in a shop on level 2 of the Snake Pit)

   [amulet of faith]

   It allows you to gain divine favour quickly.
   It affects your accuracy and damage with ranged weapons and melee attacks
   (+6).
   It protects you from cold.
   It lets you fly.
Wands
 e - a wand of enslavement (14/24)
 f - a wand of heal wounds (9/9)
 t - a wand of digging (12/24)
 y - a wand of flame (15/48)
 B - a wand of disintegration (20/24)
 J - a wand of teleportation (5/9)
 W - a wand of lightning (8/15)
Scrolls
 g - a scroll of recharging
 v - 5 scrolls of fog
 E - a scroll of summoning
 O - 3 scrolls of fear
 Y - 4 scrolls of magic mapping
Potions
 h - 2 potions of berserk rage
 j - 5 potions of lignification
 l - 2 potions of cancellation
 m - 2 potions of resistance
 w - 2 potions of curing
 M - 4 potions of might
Comestibles
 b - 11 bread rations
 q - 12 meat rations
 R - 6 fruits


   Skills:
 - Level 23.2 Fighting
 + Level 25.3 Polearms
 - Level 16.0 Throwing
 - Level 13.6 Armour
 + Level 16.9 Dodging
 + Level 4.0 Shields
 - Level 3.0 Spellcasting
   Level 2.1 Hexes
   Level 2.2 Summonings
 - Level 10.6 Invocations
 + Level 16.1 Evocations


You had 31 spell levels left.
You didn't know any spells.

Dungeon Overview and Level Annotations

Branches:
Dungeon (15/15)            Temple (1/1) D:4            Lair (6/6) D:9
  Swamp (4/4) Lair:3        Snake (4/4) Lair:4        Slime (5/5) Lair:5
    Orc (2/2) D:10            Elf (3/3) Orc:2        Vaults (5/5) D:13
  Crypt (0/3) Vaults:3     Depths (0/5) D:15

Altars:
Ashenzari
Cheibriados
Dithmenos
Elyvilon
Fedhas
Gozag
Hepliaklqana
Kikubaaqudgha
Makhleb
Nemelex Xobeh
Okawaru
Qazlal
Ru
Sif Muna
Trog
Uskayaw
Vehumet
Xom
Yredelemnul
Zin
The Shining One

Shops:
D:8 ((:=?   D:12 *   D:15 *   Orc:2 }::[   Elf:1 :   Elf:2 *   Elf:3 *
Snake:1 [   Snake:2 }=}   Snake:4 (   Vaults:2 (   Vaults:4 =

Annotations:
Swamp:3 exclusion: Roxanne, Roxanne
Slime:5 Royal Jelly


Innate Abilities, Weirdness & Mutations

You revert to your normal form in water.
You are very nimble and swift while swimming.
You are very stealthy in the water. (Stealth+)
You tend to lose your temper in combat.
You are clumsy. (Dex -2)
Your flesh is cold resistant. (rC+)
Armour fits poorly on your strangely shaped body.
You are frail. (-10% HP)


Message History

Okay, then.
Evoke which item? (* to show all) (? for menu, Esc to quit)
Zapping:
J - a wand of teleportation (6/9)
Press: ? - help, Shift-Dir - straight line, f - you You feel strangely unstable.
This wand has 5 charges left.
The death ooze hits you but does no damage.
The death ooze barely misses you. The acid blob hits you!!
* * * LOW HITPOINT WARNING * * *
You are splashed with acid!
The acid burns!
You resist.
* * * LOW HITPOINT WARNING * * *
The death ooze closely misses you.
The death ooze hits you but does no damage.
The acid blob spits acid at you. The splash of acid hits you! You resist.
* * * LOW HITPOINT WARNING * * *
You are splashed with acid!
The acid burns!
You resist.
* * * LOW HITPOINT WARNING * * *
The death ooze completely misses you. The death ooze closely misses you.
The death ooze hits you!
You die...

...........
............
............
...........#
........... ..........#
..........# ##
..........#########..##
...........#J@J#......J
............J#JJJ#
..........########
..........##
...........#
..........###
............#
............###
..............## .#


You could see the Royal Jelly, 2 acid blobs, a large slime creature and 2 death
oozes.

Vanquished Creatures
  An ancient lich (Vaults:5)
  Sojobo (Vaults:2)
  Bai Suzhen (Elf:3)
  Boris (Vaults:2)
  4 golden dragons (Vaults:5)
  Nikola (Swamp:4)
  A bone dragon (Vaults:3)
  Jorgrun (Swamp:3)
  Rupert (Orc:2)
  2 tentacled monstrosities (Vaults:5)
  2 quicksilver dragons
  4 titans (Vaults:5)
  2 deep elf blademasters (Elf:3)
  A quicksilver dragon (shapeshifter) (Vaults:5)
  3 deep elf master archers (Elf:3)
  12 acid blobs
  3 sphinxes
  4 tengu reavers
  2 thorn hunters (Swamp:4)
  Gastronok (Lair:2)
  Kirke (D:12)
  3 shadow dragons
  4 storm dragons (Vaults:5)
  5 azure jellies
  8 nagarajas
  The ghost of PeterLawrence the Warrior, a journeyman MiFi of Okawaru (Elf:1)
  A revenant (Vaults:3)
  4 frost giants
  A ghost moth (shapeshifter) (Vaults:5)
  4 fire giants
  10 deep elf sorcerers
  Louise (Elf:2)
  An orc warlord (Vaults:4)
  4 iron dragons (Vaults:5)
  4 deep elf elementalists (Elf:3)
  18 vault wardens
  22 ironheart preservers
  8 stone giants
  3 war gargoyles (Vaults:5)
  An entropy weaver (shapeshifter) (Vaults:4)
  4 very ugly things (Vaults:2)
  2 entropy weavers
  14 deep elf annihilators
  6 deep elf demonologists
  9 deep elf death magi
  5 ettins
  A death ooze (Slime:4)
  5 fire dragons
  4 great orbs of eyes
  A large abomination (Elf:3)
  43 vault guards
  21 ogre magi
  18 naga warriors
  9 deep elf high priests
  20 yaktaur captains
  2 rakshasas
  Fannar (D:12)
  15 hydras
  6 ice dragons
  A ghost crab (shapeshifter) (Vaults:4)
  3 anacondas
  2 ghost crabs (Swamp:3)
  Erica (D:11)
  A catoblepas (Lair:5)
  3 death knights
  9 alligators
  An anaconda (shapeshifter) (Vaults:5)
  32 dancing weapons
  5 centaur warriors
  2 deep troll shamans (Vaults:3)
  2 death yaks (IceCv)
  4 deep troll earth magi
  An orc high priest (Elf:3)
  2 small abominations (Elf:2)
  10 naga sharpshooters
  7 shock serpents
  A storm dragon zombie (Vaults:3)
  Sonja (D:11)
  24 deep elf knights
  3 fire crabs
  A salamander mystic (Snake:3)
  2 shadow wraiths
  A skeletal warrior (D:15)
  7 flayed ghosts
  2 sea snakes (Snake:1)
  An unseen horror (Vaults:1)
  Pikel (D:6)
  2 swamp dragons
  7 deep trolls
  A spriggan druid (Swamp:2)
  20 deep elf archers
  3 naga ritualists
  A tengu zombie (Vaults:3)
  22 ironbrand convokers
  2 shambling mangroves
  A glowing orange brain (shapeshifter) (Vaults:3)
  6 necromancers
  16 orc knights
  6 phantasmal warriors
  10 wizards
  5 hill giants
  11 mana vipers
  A harpy (Vaults:3)
  80 deep elf magi
  The ghost of edgar the Covert, a novice SpVM of Dithmenos (D:9)
  5 orc sorcerers
  A manticore (D:11)
  4 oklob plants
  20 ugly things
  15 salamanders
  7 cyclopes
  4 shining eyes
  4 wolf spiders
  A moth of wrath (shapeshifter) (Vaults:1)
  42 black mambas
  3 human skeletons
  Joseph (D:8)
  2 ice statues
  10 elephants (Lair:6)
  An eye of devastation (Slime:5)
  2 guardian serpents
  A black mamba (shapeshifter) (D:15)
  22 spiny frogs
  A frost giant skeleton (Vaults:1)
  24 vault sentinels
  2 molten gargoyles (Lair:6)
  27 naga magi
  3 gargoyles (D:10)
  2 rime drakes
  13 komodo dragons
  An efreet (D:14)
  21 freezing wraiths
  A komodo dragon (shapeshifter) (Elf:2)
  50 yaktaurs
  A queen bee (shapeshifter) (Vaults:4)
  A tengu conjurer (D:13)
  2 yaktaur skeletons
  8 trolls
  A queen bee (Lair:2)
  A meliai (shapeshifter) (Vaults:1)
  22 polar bears
  Grinder (D:5)
  2 tyrant leeches (Swamp:3)
  A dream sheep (shapeshifter) (Vaults:3)
  8 bog bodies
  14 hornets
  36 two-headed ogres
  19 blink frogs
  47 slime creatures
  3 stone giant simulacra
  7 hippogriffs
  A frost giant simulacrum (Vaults:4)
  3 spriggans
  4 air elementals
  A shadow (D:11)
  5 redbacks
  A spriggan (shapeshifter) (Elf:1)
  6 water elementals
  3 wraiths
  A vampire (D:14)
  5 fire elementals
  A tarantella (shapeshifter) (Vaults:3)
  5 wyverns
  20 humans
  A tarantella (Vaults:3)
  79 yaks
  Eustachio (D:5)
  4 hogs
  2 hungry ghosts
  A yaktaur simulacrum (Vaults:2)
  3 steam dragons
  6 golden eyes (Slime:3)
  A hog (shapeshifter) (Vaults:1)
  8 basilisks
  5 vampire mosquitoes
  Grum (D:9)
  77 nagas
  7 swamp worm simulacra (Swamp:4)
  22 swamp worms
  3 mottled dragons
  A soldier ant (D:12)
  7 wargs
  A mottled dragon (shapeshifter) (Vaults:5)
  11 water moccasins
  16 insubstantial wisps
  2 floating eyes
  15 hydra simulacra (Swamp:4)
  4 hell hounds (Lair:6)
  8 porcupines
  62 orc warriors
  8 sky beasts
  2 swamp drakes
  A hornet zombie (D:10)
  6 ice beasts
  A black bear (D:10)
  5 eyes of draining
  88 ogres
  4 phantoms
  14 centaurs
  31 wolves
  4 boggarts (D:10)
  A centaur (shapeshifter) (Vaults:5)
  15 crocodiles
  4 human zombies
  23 bullfrogs
  7 earth elementals
  A wyvern skeleton (D:11)
  6 scorpions
  26 killer bees
  3 wights (D:13)
  4 howler monkeys
  4 electric eels
  2 bullfrog zombies
  7 crimson imps
  4 lava snakes (Lair:6)
  3 centaur zombies
  A human simulacrum (Vaults:2)
  6 centaur skeletons
  23 orc priests
  Crazy Yiuf (D:5)
  2 hounds
  7 jellies
  30 orc wizards
  4 bullfrog skeletons
  15 worker ants
  Terence (D:3)
  3 iguanas
  A hound skeleton (D:4)
  A howler monkey zombie (D:8)
  A worker ant zombie (D:5)
  9 adders
  2 river rats (D:9)
  4 gnolls (D:10)
  2 shadow imps
  A swamp drake simulacrum (Swamp:4)
  An ooze (Lair:5)
  An adder zombie (D:8)
  An adder skeleton (D:5)
  A worm (D:2)
  2 dart slugs
  4 leopard geckos
  110 orcs
  13 bats
  4 giant cockroaches
  2 goblins
  9 hobgoblins
  7 jackals
  4 kobolds
  3 quokkas
  A ball python (D:3)
  6 frilled lizards
  A leopard gecko zombie (D:6)
  13 rats
  A briar patch (Swamp:4)
  4 crawling corpses
2107 creatures vanquished.

Vanquished Creatures (collateral kills)
  An iron dragon (Vaults:5)
  A deep elf high priest (Vaults:5)
  An anaconda (Snake:3)
  A redback (shapeshifter) (Vaults:5)
4 creatures vanquished.

Vanquished Creatures (others)
  A hydra (Swamp:4)
  A ghost crab (Swamp:4)
  A swamp dragon (Swamp:4)
  A molten gargoyle (Lair:6)
  A spiny frog (Swamp:4)
  5 insubstantial wisps (Swamp:4)
  A swamp worm (Swamp:4)
  An orc warrior (Vaults:5)
  A swamp drake (Swamp:2)
  A howler monkey (D:6)
  An orc (Vaults:5)
  14 fungi
  5 plants
34 creatures vanquished.

Grand Total: 2145 creatures vanquished

Notes
Turn   | Place    | Note
-------+----------+-------------------------------------------
     0 | D:1      | mcbry the Merfolk Gladiator began the quest for the Orb.
     0 | D:1      | Reached XP level 1. HP: 16/16 MP: 1/1
   230 | D:1      | You fall through a shaft!
   234 | D:2      | Reached XP level 2. HP: 23/23 MP: 2/2
   527 | D:1      | Reached skill level 5 in Polearms
   982 | D:2      | Found a shattered altar of Ashenzari.
   983 | D:2      | Found a sacrificial altar of Ru.
   984 | D:2      | Found a basalt altar of Yredelemnul.
   984 | D:2      | Found an opulent altar of Gozag.
   984 | D:2      | Found a glowing silver altar of Zin.
   987 | D:2      | Found a hazy altar of Hepliaklqana.
   990 | D:2      | Found a shadowy altar of Dithmenos.
  1056 | D:2      | Reached XP level 3. HP: 28/28 MP: 3/3
  1410 | D:2      | Found a deep blue altar of Sif Muna.
  1697 | D:3      | Noticed Terence
  1705 | D:3      | Killed Terence
  1705 | D:3      | Reached skill level 6 in Polearms
  1705 | D:3      | Reached XP level 4. HP: 29/34 MP: 4/4
  1911 | D:3      | Reached skill level 7 in Polearms
  2454 | D:3      | Reached XP level 5. HP: 36/41 MP: 5/5
  2853 | D:4      | Reached skill level 8 in Polearms
  3129 | D:4      | Found a white marble altar of Elyvilon.
  3153 | D:4      | Reached XP level 6. HP: 46/48 MP: 6/6
  3516 | D:4      | Reached skill level 9 in Polearms
  3777 | D:4      | Found a staircase to the Ecumenical Temple.
  3786 | Temple   | Entered the Ecumenical Temple
  3820 | Temple   | Became a worshipper of Warmaster Okawaru
  3856 | D:4      | Reached skill level 10 in Polearms
  3856 | D:4      | Reached XP level 7. HP: 55/55 MP: 7/7
  4106 | D:4      | Reached * piety under Okawaru
  4151 | D:4      | Reached skill level 5 in Fighting
  4241 | D:4      | Got a polished chain mail
  4252 | D:4      | Identified the +7 chain mail of the Demon Prince {-Cast Str+4} (You found it on level 4 of the Dungeon)
  4499 | D:4      | Reached skill level 11 in Polearms
  4547 | D:5      | Entered Level 5 of the Dungeon
  4557 | D:5      | Noticed Eustachio
  4612 | D:4      | Reached XP level 8. HP: 62/62 MP: 8/8
  4861 | D:5      | Killed Eustachio
  4861 | D:5      | Reached skill level 1 in Armour
  4869 | D:5      | Reached skill level 12 in Polearms
  5126 | D:5      | Noticed Grinder
  5139 | D:5      | Killed Grinder
  5139 | D:5      | Reached ** piety under Okawaru
  5350 | D:5      | Found a runed door.
  5354 | D:5      | Noticed Crazy Yiuf
  5361 | D:5      | Killed Crazy Yiuf
  5491 | D:5      | Reached skill level 13 in Polearms
  5491 | D:5      | Reached XP level 9. HP: 34/71 MP: 5/9
  5723 | D:6      | Reached skill level 1 in Invocations
  5895 | D:6      | Noticed Pikel
  5903 | D:6      | Killed Pikel
  5903 | D:6      | Reached *** piety under Okawaru
  5903 | D:6      | Reached skill level 14 in Polearms
  6315 | D:6      | Found a glowing golden altar of the Shining One.
  6560 | D:6      | You fall through a shaft for 2 floors!
  6560 | D:8      | Found a stormy altar of Qazlal.
  6560 | D:8      | Found a blossoming altar of Fedhas.
  6570 | D:8      | Noticed Joseph
  6591 | D:8      | Killed Joseph
  6591 | D:8      | Reached XP level 10. HP: 59/80 MP: 11/11
  6850 | D:7      | Reached skill level 15 in Polearms
  6911 | D:7      | Reached **** piety under Okawaru
  7481 | D:8      | Found Qestuijo's Antique Weapon Boutique.
  7498 | D:8      | Got a fine hand axe
  7564 | D:8      | Found Idweuren's Weapon Shoppe.
  7736 | D:8      | Found Culapron's Book Shoppe.
  7754 | D:8      | Found Sosk's Jewellery Emporium.
  7866 | D:8      | Found Ichisoen's Magic Scroll Shop.
  7871 | D:8      | Bought a scroll of identify for 22 gold pieces
  7871 | D:8      | Bought a scroll of blinking for 82 gold pieces
  7871 | D:8      | Bought a scroll of identify for 22 gold pieces
  7871 | D:8      | Bought a scroll of random uselessness for 11 gold pieces
  7871 | D:8      | Bought a scroll of identify for 22 gold pieces
  7871 | D:8      | Bought a scroll of identify for 22 gold pieces
  7871 | D:8      | Bought a scroll of identify for 22 gold pieces
  8123 | D:8      | Identified the +6 hand axe of Dung {freeze, +Blink rF- Int+6} (You found it on level 8 of the Dungeon)
  8409 | D:9      | Noticed edgar's ghost (novice SpVM)
  8451 | D:9      | Found a sparkling altar of Nemelex Xobeh.
  8645 | D:9      | Noticed Grum
  8659 | D:9      | Reached skill level 16 in Polearms
  8694 | D:9      | Killed Grum
  8733 | D:9      | Found a staircase to the Lair.
  8869 | D:9      | Killed edgar's ghost
  8869 | D:9      | Reached ***** piety under Okawaru
  8869 | D:9      | Received a gift from Okawaru
  9052 | D:9      | Reached XP level 11. HP: 90/90 MP: 12/12
  9114 | D:9      | Reached skill level 10 in Fighting
  9369 | D:10     | Entered Level 10 of the Dungeon
  9678 | D:10     | Reached skill level 17 in Polearms
  9731 | D:10     | Noticed a wizard
  9742 | D:10     | Killed a wizard
  9754 | D:10     | Noticed a wizard
  9768 | D:10     | Killed a wizard
  9768 | D:10     | Received a gift from Okawaru
 10153 | D:10     | Received a gift from Okawaru
 10270 | D:10     | Reached skill level 5 in Armour
 10280 | D:10     | Found a staircase to the Orcish Mines.
 10608 | D:10     | Noticed a wizard
 10614 | D:10     | Killed a wizard
 10636 | D:10     | Noticed a wizard
 10648 | D:10     | Killed a wizard
 10648 | D:10     | Reached skill level 18 in Polearms
 10658 | D:10     | Noticed a wizard
 10659 | D:10     | Noticed a wizard
 10676 | D:10     | Killed a wizard
 10702 | D:10     | Killed a wizard
 10731 | D:10     | Got a heavily runed cloak
 10742 | D:10     | Identified the cursed +0 cloak of the Moon {rElec SInv Stlth+} (You found it on level 10 of the Dungeon)
 10941 | D:10     | Reached XP level 12. HP: 100/100 MP: 13/13
 11243 | Lair:1   | Entered Level 1 of the Lair of Beasts
 11815 | Lair:1   | Reached skill level 19 in Polearms
 12486 | Lair:2   | Noticed Gastronok
 12497 | Lair:2   | Killed Gastronok
 12497 | Lair:2   | Received a gift from Okawaru
 12628 | Lair:2   | Reached ****** piety under Okawaru
 13412 | Lair:2   | You fall through a shaft for 2 floors!
 13452 | Lair:4   | Got a jewelled dagger
 13497 | Lair:4   | Received a gift from Okawaru
 13644 | Lair:3   | Reached skill level 20 in Polearms
 14016 | Lair:3   | Noticed a six-headed hydra
 14052 | Lair:3   | Killed a 12-headed hydra
 14058 | Lair:3   | Received a gift from Okawaru
 14336 | Lair:3   | Found a staircase to the Swamp.
 14425 | Lair:3   | Reached XP level 13. HP: 109/109 MP: 14/14
 15434 | Lair:3   | Received a gift from Okawaru
 15714 | Lair:4   | Found a staircase to the Snake Pit.
 15723 | Lair:4   | Received a gift from Okawaru
 15740 | Lair:4   | Got a faintly glowing glaive {god gift}
 15890 | Lair:4   | Identified the +10 glaive "Alea" {antimagic, rC+} (Okawaru gifted it to you on level 4 of the Lair of Beasts)
 16816 | Lair:5   | Found a staircase to the Slime Pits.
 17325 | Lair:5   | Reached skill level 1 in Evocations
 17499 | Lair:5   | Received a gift from Okawaru
 17500 | Lair:5   | Got an ichor-stained shield {god gift}
 17875 | Lair:1   | Identified the +4 shield "Qiezy" {Str+7} (Okawaru gifted it to you on level 5 of the Lair of Beasts)
 18149 | Lair:6   | Entered Level 6 of the Lair of Beasts
 18367 | Lair:6   | Reached skill level 5 in Throwing
 18541 | Lair:6   | Reached skill level 5 in Dodging
 18840 | Lair:6   | Reached XP level 14. HP: 117/118 MP: 5/17
 18944 | Lair:6   | Reached skill level 5 in Invocations
 18991 | Lair:6   | Got a pair of twisted gloves
 19043 | Lair:6   | Received a gift from Okawaru
 19093 | Lair:6   | Found a large runed door.
 19094 | Lair:6   | Found a large runed door.
 20559 | Lair:1   | Identified the +1 pair of gloves of the Echidna {Dex+3 Stlth+} (You found it on level 6 of the Lair of Beasts)
 20621 | Lair:1   | Gained mutation: Your flesh is cold resistant. (rC+) [potion of beneficial mutation]
 20717 | Orc:1    | Entered Level 1 of the Orcish Mines
 21188 | Orc:1    | Paralysed by an orc sorcerer for 2 turns
 21773 | Orc:2    | Entered Level 2 of the Orcish Mines
 21834 | Orc:2    | Found a staircase to the Elven Halls.
 21842 | Orc:2    | Found Jogyh Isa's Quality Used Wands.
 22033 | Orc:2    | Found a frozen archway.
 22037 | Orc:2    | Received a gift from Okawaru
 22037 | Orc:2    | Reached skill level 5 in Evocations
 22091 | IceCv    | Entered an ice cave
 22574 | IceCv    | Reached XP level 15. HP: 111/127 MP: 6/20
 22695 | IceCv    | Reached skill level 15 in Fighting
 22698 | IceCv    | Received a gift from Okawaru
 22944 | IceCv    | Noticed a frost giant
 22965 | IceCv    | Killed a frost giant
 22965 | IceCv    | Received a gift from Okawaru
 23220 | IceCv    | Got a faintly humming ring mail
 23526 | Orc:2    | Noticed Rupert
 23536 | Orc:2    | Killed Rupert
 23536 | Orc:2    | Received a gift from Okawaru
 23969 | Lair:1   | Identified a +7 rod of clouds (14/14) (You found it in an ice cave)
 23979 | Lair:1   | Identified the cursed +1 ring mail of Ceuwn {rC+ Str-2 Slay+6} (You found it in an ice cave)
 24379 | Orc:2    | Found Cecolot's General Store.
 24379 | Orc:2    | Found Pootowome's Book Emporium.
 24379 | Orc:2    | Found Nexieq's Book Shoppe.
 24409 | Orc:2    | Found Wuxaler's Armour Boutique.
 24639 | Orc:2    | Received a gift from Okawaru
 24640 | Orc:2    | Got a pair of shimmering gloves {god gift}
 24666 | Orc:2    | Identified the +1 pair of gloves "Teutweeg" {rPois MR+ rCorr Str+2} (Okawaru gifted it to you on level 2 of the Orcish Mines)
 25297 | D:11     | Noticed Erica
 25312 | D:11     | Killed Erica
 25420 | D:11     | Found a deep blue altar of Sif Muna.
 25615 | D:11     | Noticed Sonja
 25623 | D:11     | Killed Sonja
 26597 | D:12     | Found Efa Imm's General Store.
 26676 | D:12     | Noticed Fannar
 26696 | D:12     | Killed Fannar
 26724 | D:12     | Noticed Kirke
 26745 | D:12     | Killed Kirke
 27252 | D:12     | You fall through a shaft for 2 floors!
 27776 | D:13     | Found a gate to the Vaults.
 28640 | D:14     | Reached XP level 16. HP: 138/138 MP: 7/22
 28702 | D:14     | Reached skill level 10 in Throwing
 29319 | D:15     | Entered Level 15 of the Dungeon
 29434 | D:15     | Received a gift from Okawaru
 29787 | D:15     | Found Gozag's Platinum Reserve.
 29787 | D:15     | Found an opulent altar of Gozag.
 30389 | D:15     | Received a gift from Okawaru
 30546 | D:15     | Found a staircase to the Depths.
 31091 | Snake:1  | Entered Level 1 of the Snake Pit
 31102 | Snake:1  | Received a gift from Okawaru
 31416 | Snake:1  | Found Ros Nahe's Armour Emporium.
 32625 | Snake:2  | Reached skill level 10 in Invocations
 32834 | Snake:2  | Received a gift from Okawaru
 32839 | Snake:2  | Got a bloodstained ring mail {god gift}
 33287 | Snake:2  | Found Qubbox's Gadget Shoppe.
 33288 | Snake:2  | Found Zorphirua's Jewellery Boutique.
 33289 | Snake:2  | Found Asopiz's Gadget Shoppe.
 33300 | Snake:2  | Bought the ring of Robustness {AC+8} for 2176 gold pieces
 33604 | Snake:3  | Noticed a nagaraja
 33656 | Snake:3  | Killed a nagaraja
 34101 | Snake:3  | Reached XP level 17. HP: 146/146 MP: 8/24
 34921 | Lair:1   | Identified the +5 ring mail of Okawaru's Displeasure {Str+2} (Okawaru gifted it to you on level 2 of the Snake Pit)
 36506 | Swamp:1  | Entered Level 1 of the Swamp
 36859 | Swamp:1  | Received a gift from Okawaru
 38572 | Swamp:3  | Received a gift from Okawaru
 38992 | Swamp:3  | Noticed Jorgrun
 39017 | Swamp:3  | Killed Jorgrun
 39229 | Swamp:3  | Noticed Roxanne
 39357 | Swamp:3  | Received a gift from Okawaru
 39357 | Swamp:3  | Reached skill level 10 in Armour
 39548 | Swamp:4  | Entered Level 4 of the Swamp
 39927 | Lair:1   | Identified a scroll of acquirement
 40516 | Swamp:4  | Noticed Nikola
 40533 | Swamp:4  | Killed Nikola
 41095 | Swamp:4  | Reached XP level 18. HP: 152/156 MP: 8/25
 41398 | Swamp:4  | Reached skill level 10 in Evocations
 41412 | Swamp:4  | Received a gift from Okawaru
 41653 | Swamp:4  | Got a decaying rune of Zot
 43105 | Snake:3  | Received a gift from Okawaru
 43426 | Snake:4  | Entered Level 4 of the Snake Pit
 44192 | Snake:4  | Found Polonnit's Antique Weapon Boutique.
 46075 | Snake:4  | Received a gift from Okawaru
 46406 | Snake:4  | Got a serpentine rune of Zot
 47235 | Elf:1    | Entered Level 1 of the Elven Halls
 47277 | Elf:1    | Reached XP level 19. HP: 165/165 MP: 4/27
 48023 | Elf:1    | Found a radiant altar of Vehumet.
 48258 | Elf:1    | Received a gift from Okawaru
 48499 | Elf:1    | Identified Sif Muna's Reference Book on Companions
 48537 | Elf:1    | Received a gift from Okawaru
 48725 | Elf:1    | Found Koaroih's Book Shop.
 49288 | Elf:1    | Noticed PeterLawrence's ghost (journeyman MiFi)
 49303 | Elf:1    | Killed PeterLawrence's ghost
 49776 | Elf:2    | Found Irump's General Store.
 49798 | Elf:2    | Received a gift from Okawaru
 50140 | Snake:2  | Bought the amulet "Ozuul" {Faith +Fly rC+ Slay+6} for 1382 gold pieces
 50643 | Elf:2    | Found a runed gate.
 50643 | Elf:2    | Found a runed gate.
 50643 | Elf:2    | Found a runed gate.
 50842 | Elf:2    | Received a gift from Okawaru
 50909 | Elf:2    | Noticed Louise
 50914 | Elf:2    | Killed Louise
 51420 | Elf:2    | Reached skill level 15 in Throwing
 52023 | Elf:2    | Reached XP level 20. HP: 174/174 MP: 9/28
 52480 | Elf:2    | Received a gift from Okawaru
 52836 | Vaults:1 | Entered Level 1 of the Vaults
 53374 | Vaults:1 | Received a gift from Okawaru
 53490 | Vaults:1 | Received a gift from Okawaru
 53563 | Vaults:1 | Received a gift from Okawaru
 53619 | Vaults:1 | Received a gift from Okawaru
 55091 | Vaults:1 | Reached skill level 10 in Dodging
 55385 | Vaults:2 | Noticed Boris
 55400 | Vaults:2 | Killed Boris
 55400 | Vaults:2 | Received a gift from Okawaru
 55751 | Vaults:2 | Noticed Sojobo
 55777 | Vaults:2 | Killed Sojobo
 55777 | Vaults:2 | Received a gift from Okawaru
 55777 | Vaults:2 | Reached XP level 21. HP: 123/183 MP: 0/30
 56279 | Vaults:2 | Found Laul's Weapon Shop.
 57249 | Vaults:2 | Reached skill level 21 in Polearms
 57600 | Elf:3    | Entered Level 3 of the Elven Halls
 57764 | Elf:3    | Noticed Bai Suzhen
 57800 | Elf:3    | Killed Bai Suzhen
 58043 | Elf:3    | Received a gift from Okawaru
 58659 | Elf:3    | Received a gift from Okawaru
 58660 | Elf:3    | Got a smoking triple crossbow {god gift}
 59134 | Elf:3    | Received a gift from Okawaru
 59424 | Elf:3    | Received a gift from Okawaru
 59428 | Elf:3    | Reached XP level 22. HP: 163/194 MP: 10/32
 60278 | Elf:3    | Got a pair of ichor-stained gloves {god gift}
 60341 | Elf:3    | Identified Boboy's Reference Book on the Oath
 60360 | Elf:3    | Identified the Volume of Frigorific Arcane Weapons
 60388 | Elf:3    | Identified the Disquisition on Damage Dealing and Summoning
 60405 | Elf:3    | Identified the Compendium of Enchanting Attacks
 60828 | Elf:3    | Found Muotox's General Store.
 61538 | Elf:3    | Got a dazzling halberd
 61811 | Lair:1   | Identified the +6 halberd of Faodgh {antimagic, Dex+3} (You found it on level 3 of the Elven Halls)
 61841 | Lair:1   | Identified the +8 dagger of the Lurker {venom, +Fly rElec rPois Dex-3} (You found it on level 4 of the Lair of Beasts)
 61852 | Lair:1   | Identified the +10 triple crossbow "Reps" {penet, rN+ Dex+4} (Okawaru gifted it to you on level 3 of the Elven Halls)
 61920 | Lair:1   | Identified the +1 pair of gloves "Liseuk" {rPois rC+ rCorr Int-4} (Okawaru gifted it to you on level 3 of the Elven Halls)
 61959 | Lair:1   | Identified a +9 rod of clouds (11/11) (You took it off a deep elf death mage on level 3 of the Elven Halls)
 62667 | Vaults:3 | Reached skill level 22 in Polearms
 62783 | Vaults:3 | Found a staircase to the Crypt.
 63494 | Vaults:3 | Received a gift from Okawaru
 66090 | Vaults:4 | Received a gift from Okawaru
 66097 | Vaults:4 | Reached XP level 23. HP: 190/202 MP: 11/33
 66099 | Vaults:4 | Received a gift from Okawaru
 66408 | Vaults:4 | Reached skill level 23 in Polearms
 66533 | Vaults:4 | Received a gift from Okawaru
 66631 | Vaults:4 | Got a brightly glowing ivory ring
 66633 | Vaults:4 | Identified the ring "Qocs" {Ice Str+3} (You found it on level 4 of the Vaults)
 66903 | Vaults:4 | Found Oxtet's Jewellery Shoppe.
 67121 | Vaults:5 | Entered Level 5 of the Vaults
 67941 | Vaults:5 | Noticed a golden dragon
 69133 | Vaults:5 | Received a gift from Okawaru
 69252 | Vaults:5 | Received a gift from Okawaru
 69530 | Vaults:5 | Reached skill level 15 in Evocations
 69537 | Vaults:5 | Noticed a golden dragon
 69551 | Vaults:5 | Killed a golden dragon
 69551 | Vaults:5 | Reached skill level 15 in Dodging
 69582 | Vaults:5 | Reached XP level 24. HP: 161/212 MP: 8/34
 69755 | Vaults:5 | Received a gift from Okawaru
 70050 | Vaults:5 | Received a gift from Okawaru
 70056 | Vaults:5 | Reached skill level 24 in Polearms
 70081 | Vaults:5 | Identified the Incunabulum of Burning Combat Magic
 70481 | Vaults:5 | Noticed an ancient lich
 70940 | Vaults:2 | Received a gift from Okawaru
 71143 | Lair:1   | Reached XP level 25. HP: 219/219 MP: 11/34
 72234 | Vaults:5 | Received a gift from Okawaru
 72456 | Vaults:5 | Killed an ancient lich
 72456 | Vaults:5 | Received a gift from Okawaru
 72951 | Vaults:5 | Received a gift from Okawaru
 74388 | Vaults:5 | Identified the ring of Zenlis {rCorr +Fly rPois rN++ Str-5} (You took it off a vault sentinel on level 5 of the Vaults)
 74442 | Vaults:5 | Identified the Papyrus of Attacks
 74476 | Vaults:5 | Got a pair of smoking boots
 74487 | Vaults:5 | Identified the cursed +0 pair of boots of the Thinker {*Corrode MR+ Slay+2 Stlth+} (You found it on level 5 of the Vaults)
 74542 | Vaults:5 | Identified the Volume of Shifting Boosts
 75645 | Vaults:5 | Got a silver rune of Zot
 76589 | Slime:1  | Entered Level 1 of the Pits of Slime
 76618 | Slime:1  | Received a gift from Okawaru
 76659 | Slime:1  | Gained mutation: You are clumsy. (Dex -2) [a shining eye]
 77535 | Slime:2  | Reached skill level 1 in Shields
 77621 | Slime:2  | Reached skill level 25 in Polearms
 77634 | Slime:2  | Reached XP level 26. HP: 228/229 MP: 34/34
 78803 | Slime:5  | Entered Level 5 of the Pits of Slime
 79020 | Slime:5  | Received a gift from Okawaru
 79031 | Slime:5  | Gained mutation: Armour fits poorly on your strangely shaped body. [a shining eye]
 79036 | Slime:5  | Gained mutation: You tend to lose your temper in combat. [a shining eye]
 79038 | Slime:5  | Gained mutation: You are frail. (-10% HP) [a shining eye]
 79053 | Slime:5  | Noticed the Royal Jelly
 79068 | Slime:5  | Received a gift from Okawaru
 79074 | Slime:5  | HP: 7/206 [acid[the Royal Jelly] (5)]
 79074 | Slime:5  | Slain by a death ooze

Skill      XL: |  1  2  3  4  5  6  7  8  9 10 11 12 13 14 15 16 17 18 19 20 21 22 23 24 25 26 |
---------------+-------------------------------------------------------------------------------+-----
Polearms       | 5 6 7 8 10 11 13 14 16 18 20 21 22 23 24 25 | 25.3
Fighting       | 3 4 5 6 8 9 11 12 13 14 16 17 18 19 20 21 22 23 | 23.2
Armour         | 2 3 4 5 6 8 9 10 11 12 13 | 13.6
Invocations    | 2 4 7 9 10 | 10.6
Throwing       | 5 8 9 11 12 14 15 16 | 16.0
Evocations     | 3 5 7 8 9 10 11 12 13 14 15 16 | 16.1
Dodging        | 5 6 7 8 10 12 13 15 16 | 16.9
Spellcasting   | 2 3 |  3.0
Hexes          | 2 |  2.1
Summonings     | 2 |  2.2
Shields        | 1 4 |  4.0

Action                   |  1- 3 |  4- 6 |  7- 9 | 10-12 | 13-15 | 16-18 | 19-21 | 22-24 | 25-27 || total
-------------------------+-------+-------+-------+-------+-------+-------+-------+-------+-------++-------
Melee: Trident           |    97 |   189 |   215 |     4 |       |    66 |       |    69 |       ||   640
       Tailslap          |       |     2 |     1 |       |     1 |    18 |       |       |       ||    22
       Halberd           |       |       |    59 |   416 |       |       |       |       |       ||   475
       Glaive            |       |       |       |   358 |  1088 |  1254 |   995 |   926 |   309 ||  4930
       Lance             |       |       |       |       |       |       |       |       |    45 ||    45
       Bardiche          |       |       |       |       |       |       |       |       |   122 ||   122
Throw: Throwing net      |       |     1 |     2 |     2 |       |       |       |       |     4 ||     9
       Javelin           |       |       |       |     5 |    34 |   173 |   357 |   320 |     8 ||   897
       Tomahawk          |       |       |       |       |   288 |   182 |    69 |    96 |    88 ||   723
Invok: Heroism           |       |       |     7 |     3 |     4 |     3 |       |       |       ||    17
       Finesse           |       |       |       |       |     2 |    13 |    19 |    14 |     5 ||    53
 Abil: Evoke Berserk Rag |       |       |       |       |     1 |       |       |       |       ||     1
Evoke: Wand              |       |       |       |     1 |     5 |     1 |    13 |     9 |     8 ||    37
  Use: Potion            |     2 |     1 |     1 |     7 |     3 |    10 |     2 |     3 |       ||    29
       Scroll            |       |       |     8 |    14 |    20 |    14 |     5 |     8 |    24 ||    93
 Stab: Sleeping          |     3 |       |       |       |       |       |       |       |     2 ||     5
       Held in net/web   |       |       |       |     1 |       |       |       |       |       ||     1
       Confused          |       |       |       |       |       |       |     5 |     3 |       ||     8
       Distracted        |       |       |       |       |       |       |     1 |     1 |       ||     2
  Eat: Chunk             |     2 |     4 |     2 |    10 |     9 |     3 |       |     3 |     1 ||    34
       Bread ration      |       |     1 |     1 |     1 |       |     7 |     5 |     2 |     3 ||    20
       Fruit             |       |       |     1 |     2 |     2 |     4 |     2 |     2 |     1 ||    14
       Pizza             |       |       |     1 |     3 |     5 |     1 |     1 |     2 |       ||    13
       Beef jerky        |       |       |       |     2 |     3 |     1 |       |     2 |       ||     8
       Royal jelly       |       |       |       |     1 |       |       |       |       |     1 ||     2
       Meat ration       |       |       |       |       |     5 |     4 |     2 |     3 |     2 ||    16
Armor: Leather armour    |    11 |    20 |     1 |       |       |       |       |       |       ||    32
       Chain mail        |       |       |   142 |   384 |   413 |   558 |   219 |   338 |    87 ||  2141
       Ice dragon scales |       |       |       |       |    79 |       |       |       |    78 ||   157
Dodge: Dodged            |    49 |    70 |   139 |   324 |   491 |   403 |   164 |   380 |   214 ||  2234
Block: Other             |       |       |       |       |       |    90 |     5 |       |       ||    95
       Reflection        |       |       |       |       |       |     4 |       |       |       ||     4
       Shield            |       |       |       |       |       |       |       |       |    22 ||    22
